 Dungeon Crawl Stone Soup version 0.27-a0-797-g27d10ad80f (webtiles) character file.

Game seed: 4533518209732001564

7 Hasart the Skirmisher (level 1, -1/18 HPs)
             Began as a Demigod Fighter on Mar 27, 2021.
             Succumbed to a kobold's poison
             ... on level 1 of the Dungeon.
             The game lasted 00:00:22 (348 turns).

Hasart the Skirmisher (Demigod Fighter)              Turns: 348, Time: 00:00:23

Health: -1/18      AC:  6    Str: 17    XL:     1   Next: 73%
Magic:  3/3        EV:  7    Int: 10    God:
Gold:   22         SH:  9    Dex: 13    Spells: 0/0 levels left

rFire    . . .     SeeInvis .   a - +0 war axe
rCold    . . .     Faith    .   c - +0 kite shield
rNeg     . . .     Spirit   .   b - +0 scale mail
rPois    .         Reflect  .   (no helmet)
rElec    .         Harm     .   (no cloak)
rCorr    .         Rampage  .   (no gloves)
Will     .....                  (no boots)
Stlth    ..........             (no amulet)
HPRegen  0.06/turn              (no ring)
MPRegen  0.08/turn              (no ring)

@: lethally poisoned (-1 -> -6)
A: high mp 1, forlorn
a: no special abilities


You were on level 1 of the Dungeon.
You visited 1 branch of the dungeon, and saw 1 of its levels.

You collected 22 gold pieces.

Inventory:

Hand Weapons
 a - a +0 war axe (weapon)
Armour
 b - a +0 scale mail (worn)
 c - a +0 kite shield (worn)
Jewellery
 e - an amulet of regeneration
Potions
 d - a potion of might


   Skills:
 + Level 2.8 Fighting
 * Level 2.0 Axes
 + Level 2.8 Armour
 + Level 2.8 Shields


You couldn't memorise any spells.
You didn't know any spells.
Your spell library was empty.

Dungeon Overview and Level Annotations

Branches:
Dungeon (1/15)


Innate Abilities, Weirdness & Mutations

Your attributes grow dramatically as you level up.
You have an increased reservoir of magic. (+10% MP)
You shall have no god before yourself.


Message History

No target in view!
You see here a ball python corpse.
You see here 9 stones.
A rat comes into view.
A rat is nearby!
A rat is nearby!
The rat bites you.
You hit the rat.
You kill the rat!
No target in view!
Found an escape hatch in the floor.
There is an escape hatch in the floor here.
Found a stone staircase leading down.
A kobold comes into view.
It is wielding a +0 short sword of venom.
The kobold shouts!
The kobold throws a stone.
The stone barely misses you.
Found 17 stones.
You see here a +4 ring of protection.
A giant cockroach comes into view.
The giant cockroach waves its antennae.
You see here 17 stones.
You barely miss the kobold. The kobold hits you but does no damage.
You are poisoned.
The giant cockroach barely misses you.
The kobold hits you with a +0 short sword of venom.
You are lethally poisoned!
Your scale mail prevents you from hitting the giant cockroach.
You hit the kobold.
You kill the kobold!
Ouch! That really hurt!
* * * LOW HITPOINT WARNING * * *
You feel extremely sick. You block the giant cockroach's attack.
The giant cockroach bites you but does no damage.
Press: ? - help, v - describe, . - travel, g - get item
Items here: a +0 short sword of venom; 3 stones.
The floor.
You hit the giant cockroach.
The giant cockroach is moderately wounded.
You die...

#..............#.#
#................#
......#.######...#
##
.####>#..........# .
..###.#..........#.#
......#..........#.#
...#..#.........>..#
...####.########=###
........# #@#
.######## #.B.)..#
... .........# ####
####......# ...
#......# ###
#......# #......#
#......#


You could see a giant cockroach.

Vanquished Creatures
  An endoplasm (D:1)
  A giant cockroach (D:1)
  3 ball pythons (D:1)
  A kobold (D:1)
  A rat (D:1)
7 creatures vanquished.

Notes
Turn   | Place    | Note
-------+----------+-------------------------------------------
     0 | D:1      | Hasart the Demigod Fighter began the quest for the Orb.
     0 | D:1      | Reached XP level 1. HP: 18/18 MP: 3/3
   348 | D:1      | Succumbed to a kobold's poison

Illustrated notes

Levels and vault maps discovered:
D:1:      beargit_arrival_greenhouse, layout_basic

Skill      XL: |  1 |
---------------+----+-----
Axes           | 2 |  2.0
Fighting       | |  2.8
Armour         | |  2.8
Shields        | |  2.8

Action                   || total
-------------------------++-------
Melee: War axe           ||    18
Armor: Scale mail        ||    11
Dodge: Dodged            ||     8
Block: Kite shield       ||     6

Table legend: (Time is in decaauts)
 A = Elapsed time spent in this place.
 B = Non-inter-level travel time spent in this place.
 C = Inter-level travel time spent in this place.
 D = Time resting spent in this place.
 E = Time spent auto-exploring this place.
 F = Levels seen in this place.
 G = Mean time per level.
                   A        B        C        D        E       F      G
               +--------+--------+--------+--------+--------+-----+--------+
         Total |    359 |    359 |      0 |      0 |    312 |   1 |  359.0 |
       Dungeon |    359 |    359 |      0 |      0 |    312 |   1 |  359.0 |
               +--------+--------+--------+--------+--------+-----+--------+

Top non-repeatable levels by time:
     D:1: 359 daAuts
